 Dungeon Crawl Stone Soup version 0.31.0-7-gf635a9b802 (webtiles) character file.

Game seed: 15286710085690831045

3334 olmar the Protected (level 9, -2/70 (75) HPs)
             Began as an Armataur Fighter on Jan 23, 2024.
             Was a Priest of Ru.
             Slain by an orc warlord
             ... wielding a +8 broad axe
              (11 damage)
             ... in a bailey.
             The game lasted 00:13:45 (5902 turns).

olmar the Protected (Armataur Fighter)              Turns: 5902, Time: 00:13:45

HP:   -2/70 (75)    AC: 15    Str: 25    XL:     9   Next: 72%
MP:   8/8           EV:  5    Int: 10    God:    Ru [***...]
Gold: 96            SH:  5    Dex: 11    Spells: 8/8 levels left

rFire   . . .        q - +3 mace (heavy)
rCold   . . .        c - +0 buckler
rNeg    . . .        u - +0 plate armour
rPois   .            g - +2 helmet
rElec   .            (no cloak)
rCorr   +            (no gloves)
SInv    +            (no barding)
Will    .....        h - amulet of the acrobat Stlth
                     C - ring of Mimes {Wiz Dex+2 SInv}
HPRegen 0.31/turn    F - ring of resist corrosion
MPRegen 0.11/turn

%: acrobat, roll, wizardry (x1)
@: mighty, exhausted, hasted, drained, very quick
A: large, deformed body, low MP 1, tough skin 3, hated by all, no fire magic, no
hexes magic, no necromancy magic, armoured tail, roll 2
a: Renounce Religion, Draw Out Power


You were in a bailey.
You worshipped Ru.
Ru was most pleased with you.
You visited 1 branch of the dungeon, and saw 7 of its levels.
You also visited: Bailey.

You collected 354 gold pieces.
You spent 258 gold pieces at shops.

Inventory:

Hand Weapons
 a - a +0 flail
 q - a +3 heavy mace (weapon)
 t - the +2 quarterstaff of Weocli {flame, rElec rC+ Str-3}
   (You found it on level 4 of the Dungeon)

   Str-3:     It affects your strength (-3).
   rC+:       It protects you from cold.
   rElec:     It insulates you from electricity.
Missiles
 l - 2 poisoned darts (quivered)
Armour
 c - a +0 buckler (worn)
 g - a +2 helmet (worn)
 u - a +0 plate armour (worn)
Jewellery
 h - an amulet of the acrobat (around neck)
 r - an amulet of faith
 C - the ring of Mimes (left hand) {Wiz Dex+2 SInv}
   (You found it on level 5 of the Dungeon)

   [ring of wizardry]

   Wiz:       It improves your spell success rate.
   Dex+2:     It affects your dexterity (+2).
   SInv:      It lets you see invisible.
 F - a ring of resist corrosion (right hand)
Wands
 E - a wand of roots (1)
 G - a wand of flame (27)
Scrolls
 k - 4 scrolls of amnesia
 n - 3 scrolls of teleportation
 o - a scroll of torment
 s - a scroll of noise
 v - a scroll of blinking
 w - 3 scrolls of identify
 x - a scroll of fog
 y - a scroll of vulnerability
 z - a scroll of poison
Potions
 d - 2 potions of might
 f - 5 potions of curing
 i - a potion of lignification
 m - a potion of cancellation
 p - a potion of haste
 A - 2 potions of heal wounds


   Skills:
 + Level 5.7 Fighting
 + Level 8.5 Maces & Flails
 + Level 9.0 Armour
 - Level 0.9 Dodging
 - Level 2.8 Stealth
 + Level 5.9 Shields
 + Level 0.9 Evocations


You had 8 spell levels left.
You didn't know any spells.
Your spell library was empty.

Dungeon Overview and Level Annotations

Branches:
Dungeon (7/15)             Temple (0/1) D:5          Bailey (1/1)

Altars:
Okawaru
Ru
Sif Muna
Wu Jian

Shops:
D:5 !??(   D:6 :

Annotations:
D:3 3 runed translucent doors, jagang's ghost, amateur HuMo


Innate Abilities, Weirdness & Mutations

Armour fits poorly on your strangely shaped body.
Your magical capacity is low. (-10% MP)
You have extremely tough skin. (AC +3)
You are hated by all.
You cannot study or cast Fire magic.
You cannot study or cast Hexes magic.
You cannot study or cast Necromancy magic.
You have a long armoured tail.
You regenerate magic and health when rolling toward enemies. (Rampage Regen)


Message History

The grasping roots constrict the orc warrior.
The grasping roots constrict the goblin.
You kill the goblin!
The grasping roots constrict the orc warlord.
The roots release their grip on the orc warrior.
The orc warlord roars a battlecry!
The orc warrior goes into a battle-frenzy!
Unknown command.
You hit the orc warlord.
The orc warlord is severely wounded.
The grasping roots constrict the orc warlord!
The roots release their grip on the orc warlord.
You block the orc warrior's attack.
The orc warlord hits you with a +8 broad axe.
Unknown command.
You sock the orc warlord!
You tail-slap the orc warlord, but do no damage.
The orc warlord is almost dead.
The orc warrior hits you with a +0 war axe.
The orc warlord is stunned by your conviction and fails to attack.
Unknown command.
You hit the orc warlord but do no damage.
The orc warlord is almost dead.
The orc warrior hits you with a +0 war axe.
You block the orc warlord's attack.
Unknown command.
Unknown command.
You feel much better.
The orc warrior hits you with a +0 war axe!
You hit the orc warlord but do no damage.
You tail-slap the orc warlord, but do no damage.
The orc warlord is almost dead.
The orc warlord hits you with a +8 broad axe!!
Unknown command.
You hit the orc warlord. You tail-slap the orc warlord.
The orc warlord is almost dead.
The orc warrior hits you with a +0 war axe!
* * * LOW HITPOINT WARNING * * *
The orc warlord hits you with a +8 broad axe!
You die...

##.....##)......))##.....##
#######.)...⌠.....#######
##.........## #.........#
##.......## #..))...#
##.....## ♣##oo)##♣
♣...@...♣ ♣♣♣.......♣♣
♣.....∩....♣ ♣♣.........♣♣
♣.....∩.....♣ ♣...........♣
♣♣.......♣.♣♣ ♣♣♣.♣♣..♣♣♣
♣♣♣♣♣♣♣


You could see an orc warlord (corona) and an orc warrior (strong).

Vanquished Creatures
  An orc knight (Bailey)
  Grinder (D:3)
  Prince Ribbit (D:5)
  A steam dragon (D:6)
  8 orc warriors (Bailey)
  An ogre (D:5)
  A centaur (D:5)
  2 phantoms
  A kobold brigand (D:6)
  A bullfrog (D:6)
  2 scorpions
  8 wights
  2 howler monkeys
  A jelly (D:4)
  2 orc priests
  6 iguanas
  2 sleepcaps (D:5)
  3 orc wizards (D:7)
  Robin (D:3)
  6 gnolls (Bailey)
  4 adders
  2 ufetubi (D:5)
  2 dart slugs (D:2)
  11 orcs
  6 endoplasms
  2 giant cockroaches
  23 goblins
  15 hobgoblins
  7 jackals
  9 kobolds
  4 quokkas
  6 ball pythons
  7 bats
  4 frilled lizards
  3 rats
156 creatures vanquished.

Vanquished Creatures (others)
  A kraken (D:1)
  A ghoul (D:1)
  A demonspawn (D:1)
  A gargoyle (D:1)
  A djinni (D:1)
  A vine stalker (D:1)
  A merfolk (D:1)
  A formicid (D:1)
  A spriggan (D:1)
  A human (D:1)
  An oni (D:1)
  2 mummies (D:1)
  A gnoll (D:1)
  2 goblins (Bailey)
  A rat (D:3)
  8 tentacles (D:1)
25 creatures vanquished.

Grand Total: 181 creatures vanquished

Notes
Turn   | Place    | Note
-------+----------+-------------------------------------------
     0 | D:1      | olmar the Armataur Fighter began the quest for the Orb.
     0 | D:1      | Reached XP level 1. HP: 18/18 MP: 1/1
     2 | D:1      | Noticed a gargoyle
     2 | D:1      | Noticed a merfolk
     2 | D:1      | Noticed a formicid
     2 | D:1      | Noticed a formicid
     2 | D:1      | Noticed a demonspawn
     2 | D:1      | Noticed a ghoul
     2 | D:1      | Noticed a kraken
     2 | D:1      | Noticed a human
     2 | D:1      | Noticed a spriggan
     2 | D:1      | Noticed a vine stalker
     2 | D:1      | Noticed an oni
     2 | D:1      | Noticed a djinni
     2 | D:1      | Noticed a demonspawn
     6 | D:1      | Killed a gargoyle
     8 | D:1      | Killed a djinni
     8 | D:1      | Killed a human
    11 | D:1      | Killed a vine stalker
    11 | D:1      | Killed an oni
    13 | D:1      | Killed a demonspawn
    16 | D:1      | Killed a ghoul
    21 | D:1      | Killed a merfolk
    22 | D:1      | Killed a formicid
    23 | D:1      | Killed a spriggan
    24 | D:1      | Killed a kraken
   127 | D:1      | Reached XP level 2. HP: 25/25 MP: 2/2
   477 | D:1      | Found a faded altar of an unknown god.
   501 | D:1      | Prayed at the altar of an unknown god.
   501 | D:1      | Became a worshipper of Ru the Awakened
   534 | D:1      | Gained mutation: You are hated by all. [Ru sacrifice]
   534 | D:1      | Reached * piety under Ru
   807 | D:2      | Reached XP level 3. HP: 31/31 MP: 3/3
   871 | D:2      | Reached skill level 4 in Armour
  1485 | D:3      | Found an iron altar of Okawaru.
  1554 | D:3      | Found a runed translucent gate.
  1554 | D:3      | Found a runed translucent gate.
  1554 | D:3      | Found a runed translucent gate.
  1559 | D:3      | Noticed jagang's ghost (amateur HuMo)
  1567 | D:3      | Noticed Grinder
  1567 | D:3      | Paralysed by Grinder for 2 turns
  1595 | D:3      | Killed Grinder
  1596 | D:3      | Reached XP level 4. HP: 38/38 MP: 4/4
  1596 | D:3      | Reached XP level 5. HP: 45/45 MP: 5/5
  1716 | D:3      | Reached XP level 6. HP: 51/51 MP: 6/6
  1734 | D:3      | Noticed Robin
  1772 | D:3      | Killed Robin
  1934 | D:3      | Found a shimmering blue altar of Sif Muna.
  2194 | D:4      | Identified the +2 quarterstaff of Weocli {flame, rElec rC+
                  | Str-3}
  2345 | D:4      | Gained mutation: Your magical capacity is low. (-10% MP)
                  | [Ru sacrifice]
  2345 | D:4      | Reached ** piety under Ru
  2360 | D:4      | Found an ornate altar of the Wu Jian Council.
  2888 | D:5      | Entered Level 5 of the Dungeon
  2967 | D:5      | Found Paboac's Magic Scroll Shop.
  2970 | D:5      | Bought a scroll of teleportation for 42 gold pieces
  2970 | D:5      | Bought a scroll of vulnerability for 56 gold pieces
  2970 | D:5      | Bought a scroll of poison for 56 gold pieces
  2970 | D:5      | Bought a scroll of amnesia for 56 gold pieces
  2979 | D:5      | Noticed Prince Ribbit
  3003 | D:5      | Killed Prince Ribbit
  3004 | D:5      | Reached skill level 5 in Maces & Flails
  3004 | D:5      | Reached skill level 5 in Armour
  3004 | D:5      | Gained mutation: You regenerate magic and health when
                  | rolling toward enemies. (Rampage Regen) [Armataur growth]
  3004 | D:5      | Reached XP level 7. HP: 26/58 MP: 6/6
  3030 | D:5      | Found Hyrr's Distillery.
  3083 | D:5      | Found a staircase to the Ecumenical Temple.
  3320 | D:5      | Found Zoaxiofa's Weapon Shop.
  3819 | D:5      | Identified the ring of Mimes {Wiz Dex+2 SInv}
  3835 | D:5      | Found Metu's Magic Scroll Boutique.
  3874 | D:5      | Bought a scroll of fear for 48 gold pieces
  3951 | D:5      | Reached XP level 8. HP: 29/63 MP: 7/7
  4078 | D:5      | Reached skill level 6 in Armour
  4265 | D:6      | Reached skill level 5 in Shields
  4668 | D:6      | Reached skill level 7 in Armour
  4931 | D:6      | Found Tikanguq's Book Shop.
  5247 | D:7      | Reached XP level 9. HP: 67/73 MP: 8/8
  5260 | D:7      | Reached skill level 5 in Fighting
  5282 | D:7      | Found a flagged portal.
  5294 | Bailey   | Entered a bailey
  5503 | Bailey   | Gained mutation: You cannot study or cast Fire magic. [Ru
                  | sacrifice]
  5503 | Bailey   | Gained mutation: You cannot study or cast Hexes magic. [Ru
                  | sacrifice]
  5503 | Bailey   | Gained mutation: You cannot study or cast Necromancy magic.
                  | [Ru sacrifice]
  5503 | Bailey   | Reached *** piety under Ru
  5514 | Bailey   | Noticed an orc knight
  5515 | Bailey   | Noticed an orc knight
  5615 | Bailey   | Reached skill level 8 in Armour
  5793 | Bailey   | Killed an orc knight
  5836 | Bailey   | Reached skill level 9 in Armour
  5856 | Bailey   | Noticed an orc warlord
  5902 | Bailey   | Slain by an orc warlord

Illustrated notes

Levels and vault maps discovered:
D:1:      nicolae_arrival_kraken_aquarium_b, layout_basic,
          hellmonk_ecumenical_altar_arch_garden, minmay_misc_feat_columns,
          minmay_heptomino_l4
D:2:      layout_basic, kennysheep_generic_room_16
D:3:      layout_basic, mainiacjoe_overflow_alcove_1, okawaru_gym_becter,
          nicolae_sif_muna_little_library, gammafunk_ghost_necromancy,
          corexii_leaking_fountain, hex_intersection, uniq_robin, uniq_grinder
D:4:      layout_layer_cave, mainiacjoe_overflow_six_doors_small
D:5:      layout_basic, minmay_temple_entry_sparse_star, serial_shops, shop,
          nicolae_shop_real_fake_doors, nicolae_shop_tiny_glass,
          nicolae_shop_rolling_square, kennysheep_generic_room_14,
          uniq_prince_ribbit1
D:6:      layout_basic, serial_shops, shop, mrwooster_statue_mirror
D:7:      layout_rooms, nicolae_uskayaw_dance_hall,
          nicolae_gozag_zags_fifth_avenue, enter_bailey_5,
          chequers_serial_rivers_micro_d
Bailey:   bailey_axe_minmay_hex_keep, bailey

Skill      XL: |  1  2  3  4  5  6  7  8  9 |
---------------+----------------------------+-----
Maces & Flails | 2 3 5 7 8 |  8.5
Fighting       | 3 4 5 |  5.7
Armour         | 4 5 7 9 |  9.0
Stealth        | 2 |  2.8
Shields        | 4 5 |  5.9
Dodging        | |  0.9
Evocations     | |  0.9

Action                     |  1- 3 |  4- 6 |  7- 9 || total
---------------------------+-------+-------+-------++-------
  Melee: Flail             |   150 |    99 |   347 ||   596
         Tailslap          |    10 |    14 |    62 ||    86
         Mace              |       |       |    12 ||    12
  Throw: Dart              |       |       |    11 ||    11
         Throwing net      |       |       |     1 ||     1
 Invoke: Sacrifice Love    |     1 |       |       ||     1
         Sacrifice Essence |       |     1 |       ||     1
         Draw Out Power    |       |       |     2 ||     2
         Sacrifice Arcana  |       |       |     1 ||     1
  Evoke: Wand              |     2 |       |     8 ||    10
    Use: Scroll            |     4 |       |    13 ||    17
         Potion            |       |     1 |     3 ||     4
   Stab: Paralysed         |    10 |       |     7 ||    17
         Distracted        |       |       |     2 ||     2
         Invisible         |       |       |     2 ||     2
 Armour: Scale mail        |    84 |    41 |       ||   125
         Plate armour      |       |    46 |   374 ||   420
  Dodge: Dodged            |    65 |    39 |   110 ||   214
  Block: Buckler           |    32 |    29 |    93 ||   154
